 Dungeon Crawl Stone Soup version 0.31-a0-185-g9dded2c639 (webtiles) character file.

Game seed: 13565969924309421922

529 qw the Skirmisher (level 7, 0/40 HPs)
             Began as a Deep Elf Hunter on June 22, 2023.
             Slain by an ogre
             ... wielding a +0 giant club
              (33 damage)
             ... on level 4 of the Dungeon.
             The game lasted 00:01:14 (2629 turns).

qw the Skirmisher (Deep Elf Hunter)                 Turns: 2629, Time: 00:01:15

Health: 0/40       AC:  5    Str: 10    XL:     7   Next: 3%
Magic:  9/9        EV: 16    Int: 14    God:
Gold:   227        SH:  0    Dex: 18    Spells: 6/6 levels left

rFire   . . .        Y - +0 shortbow (chaos)
rCold   . . .        (shield currently unavailable)
rNeg    . . .        m - +0 ring mail
rPois   +            (no helmet)
rElec   .            (no cloak)
rCorr   .            (no gloves)
SInv    .            (no boots)
Will    .....        j - amulet of faith
Stlth   +            f - +5 ring of evasion
HPRegen 0.26/turn    e - ring of poison resistance
MPRegen 0.11/turn

%: faith
@: no status effects
A: no striking features
a: no special abilities


You were on level 4 of the Dungeon.
You visited 1 branch of the dungeon, and saw 4 of its levels.

You collected 227 gold pieces.


   Skills:
 - Level 2.1 Fighting
 + Level 10.7 Ranged Weapons
 - Level 3.0 Dodging
 - Level 1.2 Stealth


You had 6 spell levels left.
You didn't know any spells.
Your spell library was empty.

Inventory:

Hand Weapons
 Y - a +0 shortbow of chaos (weapon)
Armour
 m - a +0 ring mail (worn)
Jewellery
 b - a ring of protection from cold
 e - a ring of poison resistance (right hand)
 f - a +5 ring of evasion (left hand)
 j - an amulet of faith (around neck)
Scrolls
 a - a scroll of identify
 d - 3 scrolls of teleportation
Potions
 c - a potion of brilliance {unknown}
 g - a potion of resistance {unknown}
 i - a potion of curing
 l - a potion of cancellation

Dungeon Overview and Level Annotations

Branches:
Dungeon (4/15)
 Temple: D:4-7

Altars:
The Shining One


Message History

The orc priest begins to cast a cantrip, but forgets the words!
An orc comes into view. It is wielding a +0 trident.
An endoplasm comes into view.
You shoot an arrow. The arrow closely misses the orc.
The orc shouts!
An orc warrior comes into view. It is wielding a +0 dire flail.
You shoot an arrow. The arrow hits the orc!
The arrow freezes the orc.
You kill the orc!
An ogre comes into view. It is wielding a +0 giant club.
You shoot an arrow. The ogre shouts!
The arrow hits the orc priest.
The arrow burns the orc priest.
The orc priest is severely wounded.
You hear a shout!
You shoot an arrow. The arrow barely misses the orc priest.
The arrow hits the orc warrior but does no damage.
The orc warrior is poisoned.
You shoot an arrow.
The arrow closely misses the orc priest.
The arrow closely misses the orc warrior.
The arrow hits the orc.
You drain the orc.
The orc is almost dead.
An orc wizard comes into view. It is wielding a +0 dagger.
You shoot an arrow. The arrow hits the endoplasm.
The endoplasm seems to grow stronger.
The endoplasm is almost dead.
You shoot an arrow.
The arrow hits the orc priest but does no damage.
The orc priest is severely wounded.
The orc priest hits you but does no damage.
You shoot an arrow. The arrow hits the endoplasm.
You kill the endoplasm!
You shoot an arrow. The arrow hits the orc priest.
Lightning courses through the orc priest!
You kill the orc priest!
The orc hits you from afar with a +0 trident.
The orc warrior hits you with a +0 dire flail.
The ogre hits you with a +0 giant club!!
Ouch! That really hurt!
You die...

..#.# #...... ##
..#.# ....... .. .._.
.... ....... #.. ...
#..# ....... #..##.#
#..# ...)...
.....###..# ....o%.
..........#
......O######......#
#@..........##
.....oo)####.......##
......###
#.....##..## .....#
#.^...###..### #####
#....## ##.... #...##
##.... #..## #.....
#### #...... #......


You could see an orc warrior (poisoned), an ogre, an orc wizard and an orc (very
drained).

Vanquished Creatures
  An ogre (D:4)
  A phantom (D:3)
  2 scorpions
  4 orc priests
  3 gnolls (D:4)
  3 adders
  5 worms
  4 dart slugs
  9 orcs
  5 ball pythons
  4 bats
  5 endoplasms
  4 giant cockroaches
  11 goblins
  4 hobgoblins
  5 jackals (D:1)
  2 quokkas
  3 frilled lizards
  5 kobolds
  7 rats
87 creatures vanquished.

Notes
Turn   | Place    | Note
-------+----------+-------------------------------------------
     0 | D:1      | qw the Deep Elf Hunter began the quest for the Orb.
     0 | D:1      | Reached XP level 1. HP: 12/12 MP: 3/3
     0 | D:1      | 0 ||| qw: Version: 0.3-a-9-g12657ce
     0 | D:1      | 0 ||| qw: Game counter: 1689
     0 | D:1      | 0 ||| qw: Always use a shield: true
     0 | D:1      | 0 ||| qw: God list: Okawaru
     0 | D:1      | 0 ||| qw: Allow faded altars: false
     0 | D:1      | 0 ||| qw: Do Orc after D:15 true
     0 | D:1      | 0 ||| qw: Do second Lair branch before Depths: true
     0 | D:1      | 0 ||| qw: Lair rune preference: random
     0 | D:1      | 0 ||| qw: Plans: Normal
     0 | D:1      | 0 ||| PLANNING D:1-11
    84 | D:1      | 84 ||| Stepping ~*~*~tactically~*~*~ (outnumbered).
    86 | D:1      | 86 ||| Stepping ~*~*~tactically~*~*~ (outnumbered).
   101 | D:1      | Reached XP level 2. HP: 14/16 MP: 4/4
   113 | D:1      | Reached skill level 6 in Ranged Weapons
   375 | D:1      | 375 ||| UPGRADING to amulet of faith.
   465 | D:1      | Reached XP level 3. HP: 20/20 MP: 5/5
   684 | D:1      | 684 ||| UPGRADING to +0 ring mail.
   694 | D:1      | 694 ||| DROPPING +0 leather armour.
   695 | D:1      | 695 ||| UPGRADING to ring of poison resistance.
   696 | D:1      | 696 ||| READING 3 scrolls labelled QOUHOMPEHI.
   697 | D:1      | 697 ||| READING scroll labelled ZIXKUT BASMELY.
   702 | D:1      | 702 ||| READING scroll labelled GONWEYTORE.
   703 | D:1      | 703 ||| READING 2 scrolls of identify.
   703 | D:1      | 703 ||| IDENTIFYING metallic brown potion
   704 | D:1      | 704 ||| DROPPING scroll of butterflies.
   705 | D:1      | 705 ||| DROPPING potion of berserk rage.
   798 | D:2      | Reached skill level 7 in Ranged Weapons
   834 | D:2      | Identified the +6 dagger of Quantum Leap {heavy, rC+}
  1539 | D:2      | 1539 ||| READING scroll labelled YWKYSCH HOFE.
  1540 | D:2      | 1540 ||| READING scroll labelled JUADALU DINOZ.
  1541 | D:2      | 1541 ||| DRINKING 2 fuming dark potions.
  1542 | D:2      | 1542 ||| READING 2 scrolls of identify.
  1542 | D:2      | 1542 ||| IDENTIFYING lumpy green potion
  1543 | D:2      | 1543 ||| DROPPING potion of attraction.
  1594 | D:3      | Reached XP level 4. HP: 25/25 MP: 6/6
  1672 | D:3      | Noticed a phantom
  1683 | D:3      | Killed a phantom
  1684 | D:3      | Reached skill level 8 in Ranged Weapons
  1684 | D:3      | Reached XP level 5. HP: 10/29 MP: 7/7
  2256 | D:3      | 2256 ||| UPGRADING to ring of protection from cold.
  2257 | D:3      | 2257 ||| UPGRADING to +5 ring of evasion.
  2259 | D:3      | 2259 ||| UPGRADING to ring of poison resistance.
  2261 | D:3      | 2261 ||| READING scroll labelled LIYRAO YDA EJE.
  2262 | D:3      | 2262 ||| READING 2 scrolls labelled MYANWA KUWKOBB.
  2263 | D:3      | 2263 ||| READING scroll labelled AMERAG WOISAQI.
  2264 | D:3      | 2264 ||| READING 2 scrolls of identify.
  2264 | D:3      | 2264 ||| IDENTIFYING puce potion
  2265 | D:3      | 2265 ||| DROPPING scroll of poison.
  2281 | D:4      | Reached skill level 9 in Ranged Weapons
  2284 | D:4      | 2284 ||| STAIRDANCE
  2330 | D:4      | 2330 ||| STAIRDANCE
  2352 | D:4      | 2352 ||| STAIRDANCE
  2358 | D:3      | Reached XP level 6. HP: 27/35 MP: 8/8
  2454 | D:4      | Reached skill level 10 in Ranged Weapons
  2502 | D:4      | Reached skill level 3 in Dodging
  2516 | D:4      | 2516 ||| FLEEEEING.
  2517 | D:4      | 2517 ||| FLEEEEING.
  2518 | D:4      | 2518 ||| FLEEEEING.
  2519 | D:4      | 2519 ||| FLEEEEING.
  2520 | D:4      | 2520 ||| FLEEEEING.
  2521 | D:4      | 2521 ||| FLEEEEING.
  2524 | D:4      | 2524 ||| FLEEEEING.
  2525 | D:4      | 2525 ||| FLEEEEING.
  2526 | D:4      | 2526 ||| FLEEEEING.
  2527 | D:4      | 2527 ||| FLEEEEING.
  2528 | D:4      | 2528 ||| FLEEEEING.
  2600 | D:4      | Reached XP level 7. HP: 40/40 MP: 9/9
  2605 | D:4      | Found a glowing golden altar of the Shining One.
  2629 | D:4      | Slain by an ogre

Levels and vault maps discovered:
D:1:      dpeg_arrival_three_bigger_balls, layout_rooms, st_stairs_7,
          grunt_decor_resistance, grunt_decor_arrowhead, minmay_octomino_e4
D:2:      layout_basic, minmay_misc_feat_more_columns, eino_curves_02
D:3:      layout_basic, chequers_decorated_corner, kennysheep_generic_room_5
D:4:      layout_cave_pods, nicolae_overflow_crystal_walls,
          minmay_temple_entry_proselytizer

Skill      XL: |  1  2  3  4  5  6 |
---------------+-------------------+-----
Ranged Weapons | 6 7 8 9 10 | 10.7
Fighting       | 2 |  2.1
Dodging        | 3 |  3.0
Stealth        | |  1.2

Action                     |  1- 3 |  4- 6 |  7- 9 || total
---------------------------+-------+-------+-------++-------
   Fire: Shortbow          |   127 |   113 |    13 ||   253
    Use: Scroll            |     7 |     4 |       ||    11
         Potion            |     1 |       |       ||     1
 Armour: Leather armour    |     6 |       |       ||     6
         Ring mail         |     4 |    12 |     1 ||    17
  Dodge: Dodged            |    26 |    43 |       ||    69

Table legend:
 A = Non-vault XP
 B = Vault XP
 C = Vault XP percentage of total XP
 D = Non-vault monster count
 E = Vault monster count
 F = Vault count percentage of total count
                 A         B        C        D         E       F
            +---------+---------+-------+---------+---------+-------
      Total |     784 |      12 |   1.5 |      79 |       8 |   9.2
            +---------+---------+-------+---------+---------+-------
        D:1 |      40 |       9 |  18.4 |      20 |       6 |  23.1
        D:2 |      44 |       0 |   0.0 |      16 |       0 |   0.0
        D:3 |     283 |       3 |   1.0 |      23 |       2 |   8.0
        D:4 |     417 |       0 |   0.0 |      20 |       0 |   0.0
            +---------+---------+-------+---------+---------+-------
